Map: Ulrena

Players

Jhyrachy - Winner!

  • Race: Zerg Zerg
  • League: Silver

STARSHINE

  • Race: Protoss Protoss
  • League: Gold

VOD

Have the link to the VOD?

Description

Time

  • Played on: Dec. 9, 2015, 1:40 p.m.
  • Length: 5:40
Show
View Real Time Build Order
Export as new Build Order

Jhyrachy Zerg - Winner!

Build Orders: Hatch First 

Get SALT Encoding   

  12  0:02  Drone  
  13  0:09  Drone  
  14  0:24  Extractor  
  14  0:25  Extractor  
  14  0:26  Drone x2  
  16  0:51  Hatchery, Overlord  
  15  1:11  Extractor  
  14  1:14  Drone x3  
  17  1:20  Spawning Pool  
  16  1:31  Drone  
  17  1:38  Drone  
  18  1:50  Drone  
  19  2:08  Zergling x2  
  19  2:09  Zergling x4  
  19  2:11  Queen  
  19  2:15  Queen  
  26  2:21  Zergling x4  
  28  3:04  Lair  
  28  3:12  Overlord x2  
  24  3:33  Drone x3  
  24  3:34  Drone x2  
  29  3:35  Zergling x6  
  29  3:36  Zergling x6  
  35  3:55  Spine Crawler  
  34  4:02  Extractor  
  33  4:05  Hydralisk Den  
  33  4:08  Drone x3  
  35  4:24  Overlord x2  
  35  4:25  Overlord  
  35  4:48  Hydralisk x7  
  48  5:10  Hydralisk x3  
  53  5:24  Overseer  
Show
View Real Time Build Order
Export as new Build Order

STARSHINE Protoss 

Build Orders:  

Get SALT Encoding   

  12  0:03  Probe (Chrono Boost)  
  13  0:21  Probe (Chrono Boost)  
  14  0:31  Probe (Chrono Boost)  
  15  0:39  Pylon  
  15  0:43  Pylon  
  15  0:57  Probe (Chrono Boost)  
  16  1:05  Gateway  
  16  1:08  Gateway  
  16  1:12  Gateway  
  16  1:17  Probe (Chrono Boost)  
  17  1:21  Assimilator  
  17  1:27  Probe (Chrono Boost)  
  18  1:38  Probe (Chrono Boost)  
  19  1:52  Pylon  
  19  1:56  Zealot x2  
  23  2:01  Zealot  
  25  2:09  Cybernetics Core  
  25  2:23  Zealot x2  
  28  2:55  Mothership Core (Chrono Boost)  
  30  3:10  Pylon  
  30  3:23  Zealot  
  30  3:28  Zealot x2  
  34  3:41  Probe (Chrono Boost), Pylon  
  35  3:50  Stalker  
  35  3:51  Probe (Chrono Boost)  
  38  3:59  Stalker  
  38  4:02  Probe (Chrono Boost)  
  43  4:14  Stalker  
  43  4:20  Stalker  
  43  4:21  Assimilator  
  45  4:27  Forge  
  45  4:29  Zealot  
  47  4:44  Zealot  
  39  4:53  Zealot  
  39  4:56  Zealot  
  43  5:11  Zealot  
Tags
 
Add a new tag
Caveats
  • Supply blocks, unpowered buildings, or Contaminate may cause inaccurate times.
  • Supply counts are checked every 10 seconds.